 Dungeon Crawl Stone Soup version 0.31-a0-339-gda1cbd555d (webtiles) character file.

Game seed: 1769909854485916526

319 Newt the Slasher (level 6, -7/51 HPs)
             Began as a Merfolk Fighter on July 20, 2023.
             Mangled by an ogre
             ... wielding a +0 giant club
              (24 damage)
             ... on level 4 of the Dungeon.
             The game lasted 00:02:47 (3176 turns).

Newt the Slasher (Merfolk Fighter)                  Turns: 3176, Time: 00:02:47

Health: -7/51      AC: 10    Str: 12    XL:     6   Next: 46%
Magic:  15/15      EV:  7    Int:  7    God:
Gold:   140        SH:  5    Dex: 16    Spells: 5/5 levels left

rFire   . . .        a - +1 long sword (venom)
rCold   + + .        c - +0 buckler
rNeg    . . .        o - +2 chain mail {rPois}
rPois   +            (no helmet)
rElec   .            (no cloak)
rCorr   .            (no gloves)
SInv    .            (no boots)
Will    +++..        (no amulet) Stlth
                     l - ring of the Forsaken Stories {rC++ Will+++ MP+9 Str-4}
HPRegen 0.28/turn    m - ring of wizardry
MPRegen 0.14/turn

%: wizardry (x1)
@: no status effects
A: (nimble swimmer 2), mertail
a: no special abilities


You were on level 4 of the Dungeon.
You visited 1 branch of the dungeon, and saw 4 of its levels.

You collected 140 gold pieces.

Inventory:

Hand Weapons
 a - a +1 long sword of venom (weapon)
 f - a +0 vampiric short sword
Missiles
 h - 6 javelins
Armour
 b - a +0 scale mail
 c - a +0 buckler (worn)
 o - a +2 chain mail of poison resistance (worn)
Jewellery
 g - an amulet of magic regeneration
 l - the ring of the Forsaken Stories (left hand) {rC++ Will+++ MP+9 Str-4}
   (You found it on level 4 of the Dungeon)

   [ring of magical power]

   Str:       It affects your strength (-4).
   rC:        It greatly protects you from cold.
   MP:        It affects your magic capacity (+9).
   Will:      It greatly increases your willpower.
 m - a ring of wizardry (right hand)
 p - a ring of protection from fire
Wands
 n - a wand of polymorph (14)
Scrolls
 k - a scroll of torment
Potions
 d - a potion of might
 e - a potion of enlightenment {unknown}
 i - a potion of brilliance
 j - 2 potions of curing


   Skills:
 - Level 5.0 Fighting
 + Level 5.6 Long Blades
 - Level 2.1 Armour
 - Level 4.0 Dodging
 - Level 3.0 Shields


You had 5 spell levels left.
You didn't know any spells.
Your spell library contained the following spells:

 Spells                   Type           Power      Damage    Failure   Level
 Magic Dart               Conj           0%         1d3       99%         1
 Summon Small Mammal      Summ           0%         N/A       99%         1
 Call Imp                 Summ           0%         N/A       100%        2
 Call Canine Familiar     Summ           0%         N/A       100%        3
 Mephitic Cloud           Conj/Pois/Air  0%         N/A       100%        3
 Summon Guardian Golem    Hex/Summ       0%         N/A       100%        3


Dungeon Overview and Level Annotations

Branches:
Dungeon (4/15)
 Temple: D:4-7

Altars:
Yredelemnul


Innate Abilities, Weirdness & Mutations

((You are very nimble when in or above water. (Stealth+, EV+, Speed+++)))
Your lower body shifts to a powerful aquatic tail in water.


Message History

The giant cockroach bites you but does no damage.
The ball python bites you but does no damage.
The ball python constricts you.
You closely miss the ball python.
The giant cockroach bites you but does no damage.
The ball python bites you but does no damage.
The ball python constricts you.
You barely miss the ball python. You block the giant cockroach's attack.
The ball python bites you but does no damage.
The ball python constricts you.
The giant cockroach bites you but does no damage.
You slash the ball python!
You kill the ball python!
The giant cockroach bites you but does no damage.
You slash the giant cockroach!
You kill the giant cockroach!
No target in view!
p - a ring of protection from fire
There are no items here.
You open the door.
There is an open door here.
An ogre comes into view. It is wielding a +0 giant club.
You hear the slow rusting of a very distant drain.
The ogre shouts!
You hit the ogre.
The ogre is lightly wounded.
You block the ogre's attack.
You slash the ogre!
The ogre is poisoned.
The ogre is heavily wounded.
The ogre hits you with a +0 giant club!
You closely miss the ogre.
The ogre is heavily wounded.
You hit the ogre.
The ogre looks as sick as possible!
The ogre is severely wounded.
The ogre hits you with a +0 giant club!!
* * * LOW HITPOINT WARNING * * *
Unknown command.
You feel better.
The ogre hits you with a +0 giant club!!
You die...

#......###+######## .#
#...†..#........... .+
+......#........... .#
#......+..... .....
.######......#...# ......
..........#'##...##......
....).....#..............
..........#......O.......
..........#.....@##......
..........#......# #####
#.........#.......#
#.........#.......#
+.....†...#########
#..............
#..............
#...............
#...............


You could see an ogre (extremely poisoned).

Vanquished Creatures
  A centaur (D:3)
  A phantom (D:4)
  A scorpion (D:4)
  An orc wizard (D:3)
  4 adders
  A dart slug (D:2)
  3 orcs (D:3)
  6 ball pythons
  7 endoplasms
  A giant cockroach (D:4)
  4 hobgoblins
  A quokka (D:3)
  3 bats
  A frilled lizard (D:3)
  4 kobolds
  7 rats
46 creatures vanquished.

Notes
Turn   | Place    | Note
-------+----------+-------------------------------------------
     0 | D:1      | Newt the Merfolk Fighter began the quest for the Orb.
     0 | D:1      | Reached XP level 1. HP: 18/18 MP: 1/1
   186 | D:1      | Reached XP level 2. HP: 13/25 MP: 2/2
  1315 | D:2      | Reached XP level 3. HP: 19/31 MP: 3/3
  1780 | D:2      | Reached skill level 5 in Fighting
  1885 | D:3      | Reached skill level 1 in Dodging
  2172 | D:3      | Reached XP level 4. HP: 39/39 MP: 4/4
  2495 | D:3      | Noticed a centaur
  2507 | D:3      | Killed a centaur
  2508 | D:3      | Reached XP level 5. HP: 16/44 MP: 5/5
  3020 | D:4      | Found a basalt altar of Yredelemnul.
  3078 | D:4      | Reached XP level 6. HP: 42/51 MP: 6/6
  3107 | D:4      | Identified the ring of the Forsaken Stories {rC++ Will+++
                  | MP+9 Str-4}
  3132 | D:4      | Reached skill level 5 in Long Blades
  3176 | D:4      | Mangled by an ogre

Illustrated notes

Levels and vault maps discovered:
D:1:      ncdulo_smallfort, layout_loops_corners, minmay_shallow_snake_nest
D:2:      layout_loops_corners
D:3:      layout_rooms
D:4:      layout_gridville, kennysheep_mini, yredelemnul_altar_generic,
          gup_sewer_entry_spiral

Skill      XL: |  1  2  3  4  5  6 |
---------------+-------------------+-----
Fighting       | 4 5 |  5.0
Dodging        | 1 4 |  4.0
Long Blades    | 3 4 5 |  5.6
Armour         | |  2.1
Shields        | |  3.0

Action                     |  1- 3 |  4- 6 || total
---------------------------+-------+-------++-------
  Melee: Long sword        |    94 |    75 ||   169
    Use: Scroll            |     7 |     3 ||    10
         Potion            |       |     2 ||     2
 Armour: Scale mail        |    52 |    29 ||    81
         Chain mail        |       |    25 ||    25
  Dodge: Dodged            |    42 |    32 ||    74
  Block: Buckler           |    26 |    25 ||    51

Table legend: (Time is in decaauts)
 A = Elapsed time spent in this place.
 B = Non-inter-level travel time spent in this place.
 C = Inter-level travel time spent in this place.
 D = Time resting spent in this place.
 E = Time spent auto-exploring this place.
 F = Levels seen in this place.
 G = Mean time per level.
                   A        B        C        D        E       F      G
               +--------+--------+--------+--------+--------+-----+--------+
         Total |   3223 |   3141 |     82 |    810 |   1878 |   4 |  805.8 |
       Dungeon |   3223 |   3141 |     82 |    810 |   1878 |   4 |  805.8 |
               +--------+--------+--------+--------+--------+-----+--------+

Top non-repeatable levels by time:
     D:3: 1168 daAuts
     D:1: 955 daAuts
     D:2: 939 daAuts
     D:4: 160 daAuts
